 Dungeon Crawl Stone Soup version 0.18.1-2-ga659475 (webtiles) character file.

60 Chiseanne the Skirmisher (level 4, 0/39 HPs)
             Began as a Ghoul Earth Elementalist on May 8, 2016.
             Slain by an adder (4 damage)
             ... in a sewer.
             The game lasted 00:04:53 (2267 turns).

Chiseanne the Skirmisher (Ghoul Earth Elementalist) Turns: 2267, Time: 00:04:54

Health: 0/39       AC:  6    Str: 11    XL:     4   Next: 6%
Magic:  5/5        EV:  8    Int: 10    God:
Gold:   80         SH:  3    Dex: 10    Spells: 0 memorised, 6 levels left

rFire  . . .     SeeInvis .     l - +0 spear
rCold  + . .     Gourm    .     i - +0 scale mail
rNeg   + + +     Faith    .     k - +0 buckler
rPois  ∞         Spirit   .     (no helmet)
rElec  .         Dismiss  .     (no cloak)
rCorr  +         Reflect  .     (no gloves)
SustAt .         Harm     .     (no boots)
MR     .....                    (no amulet)
Stlth  ..........               (no ring)
                                n - ring of resist corrosion

@: rotting, not resistant to hostile enchantments, extremely unstealthy
A: rotting body, claws 1, carnivore 3, cold resistance 1, negative energy
resistance 3, slow regeneration 1, torment resistance, unbreathing
a: no special abilities


You were in a sewer.
You were not hungry.

You visited 1 branch of the dungeon, and saw 3 of its levels.
You also visited: Sewer.

You collected 80 gold pieces.

Inventory:

Hand Weapons
 e - a +0 club
 j - a +0 hunting sling
 l - a +0 spear (weapon)
Missiles
 a - 17 bolts
 b - 47 stones (quivered)
 g - 22 arrows
Armour
 i - a +0 scale mail (worn)
 k - a +0 buckler (worn)
Jewellery
 n - a ring of resist corrosion (left claw)
Wands
 m - a wand of digging (1/24)
Books
 c - a book of Geomancy

   Spells                             Type                      Level
   a - Sandblast                      Earth                        1
   b - Passwall                       Transmutation/Earth          2
   c - Stone Arrow                    Conjuration/Earth            3
   d - Petrify                        Transmutation/Earth          4
   e - Lee's Rapid Deconstruction     Earth                        5
Comestibles
 d - 2 meat rations
 f - a beef jerky
 h - a chunk of flesh


   Skills:
 * Level 3.6 Fighting
 - Level 1.7 Dodging
 - Level 2.1 Stealth
 * Level 0.6 Shields
 - Level 1.7 Spellcasting
   Level 0.8 Transmutations
   Level 3.2 Earth Magic


You had 6 spell levels left.
You didn't know any spells.

Dungeon Overview and Level Annotations

Branches:
Dungeon (3/15)

Altars:
Ashenzari
Pakellas

Annotations:
D:2 Sigmund


Innate Abilities, Weirdness & Mutations

Your body is rotting away.
You thrive on raw meat.
You are immune to poison.
You have sharp fingernails.
You are carnivorous and can eat meat at any time.
Your flesh is cold resistant.
You are immune to negative energy.
You regenerate slowly when monsters are visible.
You are immune to unholy pain and torment.
You can survive without breathing.


Message History

The adder is almost dead.
The rat closely misses you. The rat bites you but does no damage.
The adder closely misses you.
You miss the adder.
The adder is almost dead.
The rat closely misses you. The adder closely misses you.
The rat barely misses you. The adder barely misses you.
The rat bites you but does no damage. x2
You hit the adder.
The adder is almost dead.
The adder bites you but does no damage. The rat bites you but does no damage.
You block the rat's attack.
You miss the adder.
The adder is almost dead.
The adder bites you but does no damage. The rat completely misses you.
The rat closely misses you. The adder bites you but does no damage.
You miss the adder.
The adder is almost dead.
The adder bites you.
You die...

#.... #....## #.....#
#....##
#.....###############
#......≈≈≈≈≈≈≈≈≈≈≈≈≈≈
##.....≈≈≈≈≈≈≈≈≈≈≈≈≈≈
#..Sr..≈†≈≈≈≈≈≈≈≈≈≈≈
##.@r..≈≈≈≈≈≈≈≈≈≈≈≈≈
##...≈≈≈≈≈≈≈≈≈≈≈≈≈≈
###..≈≈≈≈≈≈≈≈≈≈≈≈≈
################


You could see an adder and 2 rats.

Vanquished Creatures
  2 oozes (D:1)
  2 worms (D:3)
  2 dart slugs (D:1)
  3 giant cockroaches
  7 goblins (D:1)
  5 hobgoblins
  A kobold (D:1)
  A quokka (D:3)
  3 ball pythons
  3 bats
  4 giant newts
  10 rats
43 creatures vanquished.

Notes
Turn   | Place    | Note
--------------------------------------------------------------
     0 | D:1      | Chiseanne the Ghoul Earth Elementalist began the quest for the Orb.
     0 | D:1      | Reached XP level 1. HP: 14/14 MP: 2/2
   137 | D:1      | Reached skill level 1 in Fighting
   184 | D:1      | Reached XP level 2. HP: 14/24 MP: 0/3
   542 | D:1      | Found a shattered altar of Ashenzari.
   662 | D:1      | Reached XP level 3. HP: 26/30 MP: 4/4
  1422 | D:2      | Found a faded altar to an unknown god.
  1524 | D:2      | Noticed Sigmund
  1594 | D:2      | Found an oddly glowing altar of Pakellas.
  1883 | D:3      | Reached XP level 4. HP: 24/38 MP: 5/5
  1887 | D:3      | Found a glowing drain.
  1898 | Sewer    | Entered a sewer
  2267 | Sewer    | Slain by an adder

Skill      XL: |  1  2  3 |
---------------+----------+-----
Fighting       | 1 2 3 |  3.6
Dodging        | |  1.7
Stealth        | |  2.1
Shields        | |  0.6
Spellcasting   | |  1.7
Transmutations | |  0.8
Earth Magic    | |  3.2

Action                   |  1- 3 |  4- 6 || total
-------------------------+-------+-------++-------
Melee: Club              |    61 |       ||    61
       Unarmed           |     5 |       ||     5
       Spear             |   100 |    36 ||   136
 Cast: Sandblast         |    14 |       ||    14
  Use: Scroll            |     2 |       ||     2
       Potion            |     2 |       ||     2
 Stab: Sleeping          |     2 |       ||     2
  Eat: Chunk             |    22 |       ||    22
Armor: Robe              |     7 |       ||     7
       Scale mail        |    44 |    54 ||    98
Dodge: Dodged            |    74 |    45 ||   119
Block: Buckler           |    13 |    11 ||    24
